 Dungeon Crawl Stone Soup version 0.28-a0-465-ge2dae52223 (webtiles) character file.

Game seed: 9900065974316855182

327 dolemite99 the Chopper (level 6, -5/53 HPs)
             Began as a Hill Orc Hunter on Sept 15, 2021.
             Was a Priest of Cheibriados.
             Slain by a lemure (9 damage)
             ... led by Pikel
             ... on level 4 of the Dungeon.
             The game lasted 00:04:23 (3624 turns).

dolemite99 the Chopper (Hill Orc Hunter)            Turns: 3624, Time: 00:04:23

Health: -5/53      AC:  3    Str: 24    XL:     6   Next: 50%
Magic:  6/6        EV: 12    Int: 18    God:    Cheibriados [***...]
Gold:   139        SH:  0    Dex: 18    Spells: 5/5 levels left

rFire   . . .      SeeInvis .   b - +0 dagger (venom)
rCold   . . .      Faith    +   (no shield)
rNeg    . . .      Spirit   .   c - +0 leather armour
rPois   .          Reflect  .   (no helmet)
rElec   .          Harm     .   (no cloak)
rCorr   .          Rampage  .   (no gloves)
Will    .....                   (no boots)
Stlth   ++........              r - amulet of faith
HPRegen 0.17/turn               l - +4 ring of slaying
MPRegen 0.10/turn               (no ring)

@: very slow
A: no striking features
a: Renounce Religion, Bend Time, Temporal Distortion


You were on level 4 of the Dungeon.
You worshipped Cheibriados.
Cheibriados was most pleased with you.
You visited 1 branch of the dungeon, and saw 4 of its levels.

You collected 139 gold pieces.

Inventory:

Hand Weapons
 a - a +1 hand crossbow
 b - a +0 dagger of venom (weapon)
 n - a +0 short sword
 x - a +0 falchion of holy wrath
 y - a +0 hunting sling
 A - a +0 hand axe
Missiles
 d - 27 bolts
 e - 43 poisoned darts (quivered)
 i - 98 arrows
 o - 81 stones
 z - 16 sling bullets
Armour
 c - a +0 leather armour (worn)
Jewellery
 h - an amulet of the acrobat
 l - a +4 ring of slaying (left hand)
 r - an amulet of faith (around neck)
Scrolls
 j - a scroll of teleportation {unknown}
 m - a scroll of identify {unknown}
 p - a scroll of acquirement {unknown}
 q - 2 scrolls of fog {unknown}
 u - 2 scrolls of noise {unknown}
 w - a scroll of torment {unknown}
 C - a scroll of amnesia {unknown}
Potions
 f - a potion of cancellation
 g - a potion of attraction {unknown}
 k - 2 potions of curing {unknown}
 s - a potion of mutation {unknown}
 t - a potion of brilliance {unknown}
 v - 2 potions of lignification {unknown}
 B - a potion of degeneration {unknown}


   Skills:
 - Level 4.4 Fighting
 - Level 3.9 Short Blades
 + Level 4.6 Axes
 - Level 3.6 Crossbows
 - Level 1.5 Dodging
 - Level 0.7 Stealth


You had 5 spell levels left.
You didn't know any spells.
Your spell library contained the following spells:

 Spells                   Type           Power      Damage    Failure   Level
 Summon Guardian Golem    Hex/Summ       0%         N/A       58%         3
 Orb of Destruction       Conj           0%         N/A       100%        7
 Spellforged Servitor     Conj/Summ      0%         N/A       100%        7


Dungeon Overview and Level Annotations

Branches:
Dungeon (4/15)
 Temple: D:4-7

Altars:
Cheibriados

Annotations:
D:4 Pikel


Message History

The goblin shouts!
The goblin shouts!
The bolt hits the lemure!
The lemure is heavily wounded.
Fire: 29 bolts
Press: ? - help, Q - select action, (/) - cycle Shift-Dir - straight line, f/p - lemure
Aim: a lemure (heavily wounded, 66% to hit)
You shoot a bolt. The bolt barely misses the lemure.
The bolt hits Pikel.
Pikel is lightly wounded.
The lemure hits you.
Fire: 28 bolts
Press: ? - help, Q - select action, (/) - cycle Shift-Dir - straight line, f/p - lemure
Aim: a lemure (heavily wounded, 66% to hit)
You shoot a bolt. The bolt hits Pikel!
Pikel is heavily wounded.
A lemure comes into view.
Pikel hits you with a +2 whip of electrocution.
Your +0 dagger of venom begins to drip with poison!
b - a +0 dagger of venom (weapon)
You barely miss Pikel.
Pikel is heavily wounded.
Pikel hits you with a +2 whip of electrocution.
You closely miss Pikel.
Pikel is heavily wounded.
The lemure misses you.
Pikel hits you with a +2 whip of electrocution.
You are electrocuted!
The lemure shouts!
You hit Pikel but do no damage.
Pikel is poisoned.
Pikel is heavily wounded.
The lemure hits you.
Pikel hits you with a +2 whip of electrocution!
* * * LOW HITPOINT WARNING * * *
You are electrocuted!
* * * LOW HITPOINT WARNING * * *
Okay, then.
You fail to use your ability.
Pikel drinks a potion.
Pikel is healed!
It was a potion of cancellation.
You feel magically purged. The lemure hits you!
You die...

#. ...# #$# ...#
..# . ...# .. .#
###..##.. #.## .
##.5...?.. #..# .#
#gg# #.####.# ##(##
####..#...# ##K5#
...>....# ####@5##
.#####..#####...5##
.# ##.......#### .#
####...##
.#######...#....#
..................
#######.#####.##.#
#.. .# # ## #.. ##


You could see Pikel (very poisoned), 4 lemures and 2 goblins.

Vanquished Creatures
  A necrophage (D:4)
  A hound (D:4)
  An orc priest (D:3)
  A jelly (D:4)
  2 orc wizards (D:3)
  2 adders (D:3)
  A white imp (D:4)
  2 adder skeletons
  2 worms (D:2)
  A dart slug (D:1)
  3 orcs (D:3)
  9 ball pythons
  5 endoplasms (D:1)
  2 giant cockroaches
  3 goblins
  8 hobgoblins
  4 jackals
  7 kobolds
  3 quokkas
  3 bats
  2 frilled lizards (D:1)
  3 rats
66 creatures vanquished.

Notes
Turn   | Place    | Note
-------+----------+-------------------------------------------
     0 | D:1      | dolemite99 the Hill Orc Hunter began the quest for the Orb.
     0 | D:1      | Reached XP level 1. HP: 18/18 MP: 1/1
    51 | D:1      | Found a faded altar of an unknown god.
    63 | D:1      | Became a worshipper of Cheibriados the Contemplative
    63 | D:1      | Reached * piety under Cheibriados
   133 | D:1      | Reached XP level 2. HP: 23/26 MP: 2/2
   355 | D:1      | Reached ** piety under Cheibriados
   389 | D:1      | Reached XP level 3. HP: 33/33 MP: 3/3
  1159 | D:2      | Reached skill level 1 in Short Blades
  1490 | D:3      | Reached XP level 4. HP: 39/41 MP: 4/4
  1598 | D:3      | Reached XP level 5. HP: 19/47 MP: 5/5
  2278 | D:3      | Reached *** piety under Cheibriados
  2965 | D:4      | Noticed a necrophage
  2973 | D:4      | Killed a necrophage
  2974 | D:4      | Reached XP level 6. HP: 34/53 MP: 6/6
  3611 | D:4      | Noticed Pikel
  3624 | D:4      | Slain by a lemure

Illustrated notes

Levels and vault maps discovered:
D:1:      minmay_arrival_hallway, layout_loops_ring,
          ebering_ecumenical_altar_abandoned, minmay_misc_feat_doors
D:2:      layout_rooms, bh_walls_and_bars
D:3:      layout_loops_ring, grunt_decor_clamped
D:4:      layout_rooms, uniq_blork_the_orc, uniq_pikel

Skill      XL: |  1  2  3  4  5  6 |
---------------+-------------------+-----
Fighting       | 3 4 |  4.4
Short Blades   | 1 3 |  3.9
Axes           | 3 4 |  4.6
Crossbows      | |  3.6
Dodging        | |  1.5
Stealth        | |  0.7

Action                   |  1- 3 |  4- 6 || total
-------------------------+-------+-------++-------
Melee: Dagger            |    25 |    32 ||    57
 Fire: Hand crossbow     |    41 |    34 ||    75
Throw: Dart              |    33 |     7 ||    40
  Use: Potion            |       |     1 ||     1
 Stab: Sleeping          |     1 |     1 ||     2
Armor: Leather armour    |     6 |    14 ||    20
Dodge: Dodged            |    19 |    31 ||    50

Table legend: (Time is in decaauts)
 A = Elapsed time spent in this place.
 B = Non-inter-level travel time spent in this place.
 C = Inter-level travel time spent in this place.
 D = Time resting spent in this place.
 E = Time spent auto-exploring this place.
 F = Levels seen in this place.
 G = Mean time per level.
                   A        B        C        D        E       F      G
               +--------+--------+--------+--------+--------+-----+--------+
         Total |   4584 |   4430 |    154 |   1316 |   2346 |   4 | 1146.0 |
       Dungeon |   4584 |   4430 |    154 |   1316 |   2346 |   4 | 1146.0 |
               +--------+--------+--------+--------+--------+-----+--------+

Top non-repeatable levels by time:
     D:3: 1933 daAuts
     D:1: 1166 daAuts
     D:2: 748 daAuts
     D:4: 735 daAuts
